 Dungeon Crawl Stone Soup version bcrawl-1.12-11-gb93c957c58 (console) character file.

Game seed: 13927940339388905291

63 Lexodia the Slasher (level 3, -1/29 HPs)
             Began as a Djinni Reaver on July 4, 2019.
             Was a Follower of Vehumet.
             Slain by a worm (9 damage)
             ... on level 2 of the Dungeon.
             The game lasted 00:01:47 (1135 turns).

Lexodia the Slasher (Djinni Reaver)                 Turns: 1135, Time: 00:01:47

Health: -1/29      AC:  5    Str: 13    XL:     3   Next: 87%
Magic:  3/3        EV: 12    Int: 17    God:    Vehumet [*.....]
Gold:   64         SH:  0    Dex:  9    Spells: 8/8 levels left

rFire    . . .     SeeInvis +   l - +2 short sword (venom)
rCold    . . .     Gourm    .   (no shield)
rNeg     . . .     Faith    .   b - +0 steam dragon scales
rPois    .         Spirit   .   (no helmet)
rElec    .         Reflect  .   (no cloak)
rCorr    .         Harm     .   (no gloves)
MR       .....                  (boots unavailable)
Stlth    +.........             (no amulet)
HPRegen  0.09/turn              o - ring of see invisible
MPRegen  0.08/turn              (no ring)

@: flying
A: fixed mp, +cast, floating
a: Renounce Religion


You were on level 2 of the Dungeon.
You worshipped Vehumet.
Vehumet was aware of your devotion.
You were not hungry.

You visited 1 branch of the dungeon, and saw 3 of its levels.

You collected 64 gold pieces.

Inventory:

Hand Weapons
 a - a +0 long sword
 l - a +2 short sword of venom (weapon)
Missiles
 m - 131 stones (quivered)
Armour
 b - +0 steam dragon scales (worn)
Jewellery
 o - a ring of see invisible (left hand)
Scrolls
 d - a scroll of immolation
 e - 2 scrolls of identify {unknown}
 i - a scroll of fog {unknown}
 k - a scroll of blinking {unknown}
Potions
 c - a potion of haste
 g - a potion of flight {unknown}
 h - a potion of heal wounds {unknown}
 j - a potion of lignification {unknown}
Comestibles
 f - 2 rations {!d}
 n - 4 chunks of flesh


   Skills:
 - Level 3.0 Fighting
 + Level 5.3 Long Blades
 - Level 3.0 Dodging
 - Level 3.2 Spellcasting


You had 8 spell levels left.
You didn't know any spells.
Your spell library contained the following spells:

 Spells                   Type           Power        Failure   Level  Hunger
 Freeze                   Ice            #...         17%         1    None
 Iskenderun's Battlesphe  Conj/Chrm      #.......     99%         5    ######.


Dungeon Overview and Level Annotations

Branches:
Dungeon (3/12)

Altars:


Innate Abilities, Weirdness & Mutations

You cannot gain maximum magic capacity.
You can pull magic from your surroundings.
Your body floats in the air.


Message History

The orc throws a tomahawk.
The tomahawk hits you.
* * * LOW HITPOINT WARNING * * *
The orc throws a tomahawk.
The tomahawk misses you.
The orc throws a tomahawk.
The tomahawk barely misses you.
Things that are here:
a +0 short sword; an orc corpse
Things that are here:
a +0 club; a hobgoblin corpse The orc throws a tomahawk.
The tomahawk closely misses you.
The orc throws a tomahawk.
The tomahawk hits you but does no damage.
Found a knobbly opal ring.
There is a stone staircase leading up here.
You fly upwards.
There is a stone staircase leading down here.
A worm is nearby!
You hit the worm.
The worm is poisoned.
The worm is moderately wounded.
The worm bites you!
You die...

##########
.........#
...$.....##
..........
.........#
.........#
.........#
######.#w#####
#@#<...)#######
#w####.).......
#....wr..####.
#...#####..#
.....#.# #.#
######.# .# #.#
# #.# #.#


You could see a worm.

Vanquished Creatures
  2 adders (D:3)
  A worm (D:2)
  A leopard gecko (D:1)
  5 orcs (D:3)
  4 bats (D:1)
  3 giant cockroaches (D:1)
  6 goblins
  4 hobgoblins
  5 kobolds
  A frilled lizard (D:1)
32 creatures vanquished.

Vanquished Creatures (others)
  4 toadstools (D:1)
4 creatures vanquished.

Grand Total: 36 creatures vanquished

Notes
Turn   | Place    | Note
-------+----------+-------------------------------------------
     0 | D:1      | Lexodia the Djinni Reaver began the quest for the Orb.
     0 | D:1      | Reached XP level 1. HP: 18/18 MP: 3/3
    96 | D:1      | Reached skill level 4 in Long Blades
    96 | D:1      | Reached XP level 2. HP: 22/24 MP: 3/3
   725 | D:3      | Reached XP level 3. HP: 7/29 MP: 3/3
   986 | D:3      | Reached skill level 5 in Long Blades
  1062 | D:3      | Reached * piety under Vehumet
  1062 | D:3      | Offered knowledge of Freeze by Vehumet.
  1135 | D:2      | Slain by a worm

Skill      XL: |  1  2  3 |
---------------+----------+-----
Long Blades    | 4 5 |  5.3
Fighting       | |  3.0
Dodging        | |  3.0
Spellcasting   | |  3.2

Action                   || total
-------------------------++-------
Melee: Long sword        ||    57
       Short sword       ||    50
 Stab: Sleeping          ||     1
  Eat: Chunk             ||     1
Armor: Steam dragon scal ||    44
Dodge: Dodged            ||    69
